 Dungeon Crawl Stone Soup version 0.29-a0-555-g3b24f45cc1 (webtiles) character file.

Game seed: 16405536308487354108

5044 NateTC the Severer (level 10, -4/92 HPs)
             Began as a Hill Orc Fighter on June 8, 2022.
             Was a Priest of Zin.
             Slain by an Executioner (16 damage)
             ... on level 1 of the Abyss.
             The game lasted 00:16:55 (9086 turns).

NateTC the Severer (Hill Orc Fighter)               Turns: 9086, Time: 00:16:56

Health: -4/92      AC: 19    Str: 30    XL:     10   Next: 55%
Magic:  15/15      EV:  7    Int:  8    God:    Zin [***...]
Gold:   405        SH:  0    Dex: 10    Spells: 9/9 levels left

rFire   . . .      SeeInvis .   B - +6 executioner's axe (vorpal)
rCold   + . .      Faith    .   (shield currently unavailable)
rNeg    . . .      Spirit   .   y - +0 plate armour {rC+}
rPois   .          Reflect  .   b - +0 helmet
rElec   .          Harm     .   h - +0 cloak
rCorr   .          Rampage  .   (no gloves)
Will    .....                   C - +0 pair of boots
Stlth   ..........              (no amulet)
HPRegen 0.25/turn               r - +6 ring of strength
MPRegen 0.14/turn               u - +4 ring of protection

@: no status effects
A: no striking features
a: Renounce Religion, Recite, Vitalisation, Imprison, Donate Gold


You were on level 1 of the Abyss.
You worshipped Zin.
Zin was most pleased with you.
You visited 2 branches of the dungeon, and saw 9 of its levels.
You visited the Abyss 1 time.

You collected 449 gold pieces.
You donated 44 gold pieces to Zin.

Inventory:

Hand Weapons
 a - a +0 war axe of protection
 B - a +6 vorpal executioner's axe (weapon)
Armour
 b - a +0 helmet (worn)
 c - a +0 buckler
 h - a +0 cloak (worn)
 t - a +0 plate armour
 y - a +0 plate armour of cold resistance (worn)
 C - a +0 pair of boots (worn)
Jewellery
 r - a +6 ring of strength (left hand)
 u - a +4 ring of protection (right hand)
 D - a ring of willpower
Wands
 e - a wand of iceblast (10)
 j - a wand of flame (14)
 w - a wand of acid (7)
Scrolls
 i - 3 scrolls of teleportation
 x - a scroll of noise
 A - a scroll of amnesia
Potions
 d - 2 potions of might
 f - 2 potions of heal wounds
 g - 10 potions of curing
 k - 2 potions of invisibility
 l - 3 potions of brilliance
 m - 2 potions of resistance
 n - 2 potions of degeneration
 o - 2 potions of haste
 p - 2 potions of lignification
 s - a potion of flight {unknown}
 v - a potion of cancellation {unknown}
 z - a potion of mutation {unknown}
Miscellaneous
 q - a phial of floods (inert)


   Skills:
 - Level 9.7 Fighting
 - Level 15.0 Axes
 * Level 4.2 Armour
 - Level 3.2 Shields
 - Level 7.8 Invocations


You had 9 spell levels left.
You didn't know any spells.
Your spell library contained the following spells:

 Spells                   Type           Power      Damage    Failure   Level
 Magic Dart               Conj           0%         1d3       99%         1
 Call Imp                 Summ           0%         N/A       100%        2
 Searing Ray              Conj           0%         2d4       100%        2
 Gell's Gravitas          Tloc           0%         N/A       100%        3
 Lesser Beckoning         Tloc           0%         N/A       100%        3
 Mephitic Cloud           Conj/Pois/Air  0%         N/A       100%        3
 Teleport Other           Tloc           0%         N/A       100%        3
 Fulminant Prism          Conj/Hex       0%         3d6       100%        4
 Summon Ice Beast         Ice/Summ       0%         N/A       100%        4
 Summon Mana Viper        Hex/Summ       0%         N/A       100%        5
 Monstrous Menagerie      Summ           0%         N/A       100%        7


Dungeon Overview and Level Annotations

Branches:
Dungeon (8/15)             Temple (1/1) D:6
   Lair: D:8-11

Altars:
Ashenzari
Cheibriados
Dithmenos
Elyvilon
Fedhas
Hepliaklqana
Kikubaaqudgha
Makhleb
Nemelex Xobeh
Okawaru
Qazlal
Ru
Sif Muna
Uskayaw
Vehumet
Xom
Yredelemnul
Zin
The Shining One

Shops:
D:3 (:   D:5 *

Annotations:
D:7 2 transporters, turdburglar's ghost, novice DsFi
D:8 Psyche


Message History

You don't know any spells.
Okay, then.
You enter the shallow water.
Moving in this stuff is going to be slow.
You feel sick.
You feel sick.
You are no longer poisoned.
You start resting.
An Executioner is cast out of space.
The Executioner gives a hideous shriek!
You hit the Executioner.
The Executioner is lightly wounded.
You closely miss the Executioner.
The Executioner is lightly wounded.
The Executioner gestures.
The Executioner seems to speed up.
The Executioner hits you!! The Executioner hits you.
The Executioner hits you but does no damage.
You closely miss the Executioner.
The Executioner is lightly wounded.
The Executioner hits you!
The Executioner hits you but does no damage. x2
The Executioner hits you!
* * * LOW HITPOINT WARNING * * *
The Executioner hits you but does no damage.
The Executioner barely misses you.
The Executioner hits you but does no damage.
The Executioner hits you.
* * * LOW HITPOINT WARNING * * *
The Executioner hits you but does no damage.
The Executioner attacks as you move away!
The Executioner hits you but does no damage. x2
The Executioner hits you.
* * * LOW HITPOINT WARNING * * *
The Executioner barely misses you.
The Executioner hits you but does no damage.
The Executioner hits you.
* * * LOW HITPOINT WARNING * * *
The Executioner hits you!
You die...

.. #........ .
. #..##
..#..... ...#
...#.
...............
. # ..##.....#.
. .. #.
#...#...... .
....
#..##......#..
.. . .
#.##..#.....##.
....
#.....1..###.
#..# #
#.#.#.#@## #.
...#..# .
...#...#
..####.#.. ##..
..#.# #. ....##
# ... # .###


You could see an Executioner (fast).

Vanquished Creatures
  A troll (D:7)
  7 yaks (D:7)
  A wyvern (D:8)
  A steam dragon (D:7)
  3 water moccasins
  5 ice beasts
  3 orc warriors
  2 black bears (D:7)
  3 sky beasts (D:7)
  An ogre (D:7)
  A phantom (D:6)
  A kobold brigand (D:5)
  3 bullfrogs
  A gnoll sergeant (D:4)
  A necrophage (D:6)
  4 scorpions (D:5)
  4 wights (D:7)
  2 jellies (D:7)
  5 hounds
  3 orc priests
  Terence (D:3)
  4 iguanas
  11 orc wizards
  9 adders
  8 gnolls
  2 shadow imps
  A white imp (D:7)
  An ufetubus (D:7)
  3 worms (D:4)
  3 dart slugs
  44 orcs
  8 ball pythons
  4 bats
  6 endoplasms
  4 giant cockroaches
  7 goblins
  8 hobgoblins
  3 jackals (D:2)
  A quokka (D:1)
  4 frilled lizards
  28 kobolds
  8 rats
220 creatures vanquished.

Vanquished Creatures (others)
  12 plants
12 creatures vanquished.

Grand Total: 232 creatures vanquished

Notes
Turn   | Place    | Note
-------+----------+-------------------------------------------
     0 | D:1      | NateTC the Hill Orc Fighter began the quest for the Orb.
     0 | D:1      | Reached XP level 1. HP: 19/19 MP: 1/1
   110 | D:1      | Reached skill level 3 in Axes
   154 | D:1      | Reached XP level 2. HP: 9/26 MP: 2/2
   160 | D:1      | Reached skill level 4 in Axes
   678 | D:1      | Reached XP level 3. HP: 27/31 MP: 3/3
   978 | D:2      | Reached skill level 5 in Axes
  1022 | D:2      | Found a burning altar of Makhleb.
  1172 | D:2      | Found a blossoming altar of Fedhas.
  1186 | D:2      | Reached XP level 4. HP: 39/39 MP: 4/4
  1535 | D:3      | Reached skill level 6 in Axes
  1560 | D:3      | Found Archin's Weapon Emporium.
  1860 | D:3      | Noticed Terence
  1864 | D:3      | Reached XP level 5. HP: 41/45 MP: 5/5
  1875 | D:3      | Killed Terence
  1876 | D:3      | Reached skill level 7 in Axes
  1999 | D:3      | Found a faded altar of an unknown god.
  2259 | D:3      | Found Utom's Book Emporium.
  2624 | D:4      | Reached skill level 5 in Fighting
  2624 | D:4      | Reached XP level 6. HP: 56/56 MP: 6/6
  2871 | D:4      | Found a blossoming altar of Fedhas.
  3609 | D:5      | Entered Level 5 of the Dungeon
  3663 | D:5      | Reached XP level 7. HP: 62/64 MP: 7/7
  4363 | D:5      | Reached XP level 8. HP: 77/78 MP: 8/8
  4479 | D:5      | Found Xircha Jough's Elemental Accessories.
  5346 | D:6      | Reached skill level 8 in Axes
  5612 | D:6      | Found a staircase to the Ecumenical Temple.
  5622 | D:6      | Reached skill level 9 in Axes
  5631 | Temple   | Entered the Ecumenical Temple
  5768 | Temple   | Became a worshipper of Zin the Law-Giver
  5768 | Temple   | Reached * piety under Zin
  5874 | D:6      | Reached skill level 10 in Axes
  6209 | D:6      | Found a burning altar of Makhleb.
  6474 | D:7      | Reached ** piety under Zin
  6493 | D:7      | Reached XP level 9. HP: 75/85 MP: 9/11
  6657 | D:7      | Found a transporter.
  6661 | D:7      | Found a transporter.
  6664 | D:7      | Noticed turdburglar's ghost (novice DsFi)
  6691 | D:7      | Reached skill level 11 in Axes
  6710 | D:7      | Reached skill level 5 in Invocations
  7251 | D:7      | Reached skill level 12 in Axes
  7267 | D:7      | HP: 4/85 [ice beast (9)]
  7611 | D:7      | Noticed a troll
  7615 | D:7      | Killed a troll
  7616 | D:7      | Reached skill level 13 in Axes
  7616 | D:7      | Reached XP level 10. HP: 59/92 MP: 15/15
  7826 | D:7      | Reached *** piety under Zin
  7909 | D:7      | Reached skill level 14 in Axes
  8483 | D:7      | Reached skill level 15 in Axes
  8658 | D:7      | Identified a scroll of acquirement
  8658 | D:7      | Acquired a +6 vorpal executioner's axe
  9033 | D:8      | Noticed Psyche
  9041 | D:8      | Cast into level 1 of the Abyss (Psyche)
  9083 | Abyss:1  | Noticed an Executioner
  9086 | Abyss:1  | Slain by an Executioner

Illustrated notes

Levels and vault maps discovered:
D:1:      amcnicky_arrival_blooded_trapdoor, layout_basic,
          minmay_indecisive_spiral
D:2:      layout_rooms, basic_altar, minmay_hexomino_r4
D:3:      layout_basic, chequers_ecumenical_altar_grove, serial_shops, shop,
          nicolae_diamond_shop, uniq_terence
D:4:      layout_loops_corners, mainiacjoe_overflow_paths, lemuel_flame_loot_1
D:5:      kennysheep_kobold_camp, layout_basic, nicolae_elemental_shop,
          grunt_decor_clamped
D:6:      layout_rooms, kennysheep_little_box,
          minmay_temple_entry_statues_fountains, serial_corexii_hall,
          corexii_hall_statues_deadend, corexii_hall_statues_s,
          chequers_hall_statues_wall_a
D:7:      kennysheep_windowed_halls, layout_basic, gammafunk_ghost_arena,
          chequers_decorated_corner, serial_bayou_lagoon_a
D:8:      nicolae_BIG_FREAKIN_CUBE, layout_basic, grunt_gozag_statues,
          enter_ossuary_5, uniq_joseph, uniq_psyche, uniq_maggie
Temple:   minmay_crystal_spiral_temple
Abyss:1:  base:
Ossuary

Skill      XL: |  1  2  3  4  5  6  7  8  9 10 |
---------------+-------------------------------+-----
Axes           | 3 4 5 6 7 10 13 15 | 15.0
Fighting       | 5 6 9 |  9.7
Invocations    | 2 7 |  7.8
Armour         | 4 |  4.2
Shields        | |  3.2

Action                   |  1- 3 |  4- 6 |  7- 9 | 10-12 || total
-------------------------+-------+-------+-------+-------++-------
Melee: War axe           |    84 |   198 |   249 |   108 ||   639
       Executioner's axe |       |       |       |    20 ||    20
Invok: Recite            |       |       |     2 |       ||     2
Evoke: Phial of floods   |       |       |     1 |     1 ||     2
  Use: Scroll            |     8 |     6 |     1 |     3 ||    18
       Potion            |       |     1 |     1 |       ||     2
Armor: Scale mail        |    52 |     1 |       |       ||    53
       Chain mail        |       |   133 |    90 |       ||   223
       Plate armour      |       |       |   126 |    74 ||   200
Dodge: Dodged            |    46 |    71 |    93 |    33 ||   243
Block: Buckler           |    26 |    44 |    68 |    14 ||   152

Table legend: (Time is in decaauts)
 A = Elapsed time spent in this place.
 B = Non-inter-level travel time spent in this place.
 C = Inter-level travel time spent in this place.
 D = Time resting spent in this place.
 E = Time spent auto-exploring this place.
 F = Levels seen in this place.
 G = Mean time per level.
                   A        B        C        D        E       F      G
               +--------+--------+--------+--------+--------+-----+--------+
         Total |   9169 |   8763 |    406 |   2324 |   4441 |  10 |  916.9 |
       Dungeon |   8909 |   8589 |    320 |   2292 |   4330 |   8 | 1113.6 |
        Temple |    213 |    127 |     86 |      0 |    111 |   1 |  213.0 |
         Abyss |     45 |     45 |      0 |     32 |      0 |   1 |   45.0 |
               +--------+--------+--------+--------+--------+-----+--------+

Top non-repeatable levels by time:
     D:7: 2305 daAuts
     D:5: 1743 daAuts
     D:4: 1104 daAuts
     D:3: 1077 daAuts
     D:1: 890 daAuts
     D:6: 887 daAuts
     D:2: 602 daAuts
     D:8: 299 daAuts
  Temple: 213 daAuts
 Abyss:1: 45 daAuts
